 Dungeon Crawl Stone Soup version 0.30-a0-632-g346586fe48 (webtiles) character file.

Game seed: 13087621503016866916

1131 bmack86 the Chopper (level 8, -1/70 HPs)
             Began as a Minotaur Fighter on Jan 13, 2023.
             Slain by an orc warrior
             ... wielding a +0 trident
              (11 damage)
             ... on level 6 of the Dungeon.
             The game lasted 00:12:45 (4574 turns).

bmack86 the Chopper (Minotaur Fighter)              Turns: 4574, Time: 00:12:45

Health: -1/70      AC: 14    Str: 23    XL:     8   Next: 13%
Magic:  7/7        EV:  6    Int:  5    God:
Gold:   284        SH:  5    Dex: 10    Spells: 7/7 levels left

rFire   . . .      SeeInvis .    a - +1 war axe
rCold   . . .      Faith    .    c - +0 buckler
rNeg    . . .      Spirit   .    x - +1 plate armour
rPois   .          Reflect  .    (helmet restricted)
rElec   .          Harm     .    i - +0 cloak
rCorr   .          Rampage  .    (no gloves)
Will    .....                    (no boots) Stlth
                                 (no amulet)
HPRegen 0.31/turn                (no ring)
MPRegen 0.10/turn                (no ring)

@: no status effects
A: horns 2, retaliatory headbutt
a: no special abilities


You were on level 6 of the Dungeon.
You visited 1 branch of the dungeon, and saw 6 of its levels.
You also visited: Sewer.

You collected 284 gold pieces.

Inventory:

Hand Weapons
 a - a +1 war axe (weapon)
Missiles
 f - 11 boomerangs (quivered)
 h - 9 poisoned darts
 u - a throwing net
Armour
 b - a +0 scale mail
 c - a +0 buckler (worn)
 i - a +0 cloak (worn)
 x - a +1 plate armour (worn)
Wands
 A - a wand of mindburst (8)
Scrolls
 k - 2 scrolls of teleportation
 p - a scroll of torment
 q - 2 scrolls of enchant weapon
 t - a scroll of immolation
 y - a scroll of fog
 z - 3 scrolls of vulnerability
 B - 2 scrolls of fear
Potions
 d - 3 potions of might
 e - 2 potions of ambrosia
 g - 3 potions of curing
 j - 2 potions of cancellation {unknown}
 l - 2 potions of mutation
 m - 2 potions of attraction
 o - 2 potions of haste
 r - a potion of invisibility {unknown}
 s - a potion of flight {unknown}
 v - a potion of berserk rage {unknown}
 w - a potion of degeneration {unknown}


   Skills:
 + Level 5.9 Fighting
 * Level 7.2 Axes
 + Level 3.4 Throwing
 + Level 6.0 Armour
 + Level 5.9 Shields


You had 7 spell levels left.
You didn't know any spells.
Your spell library contained the following spells:

 Spells                   Type           Power      Damage    Failure   Level
 Cigotuvi's Dreadful Rot  Necr/Pois/Air  0%         N/A       100%        2
 Poisonous Vapours        Pois/Air       0%         N/A       100%        2
 Mephitic Cloud           Conj/Pois/Air  0%         N/A       100%        3


Dungeon Overview and Level Annotations

Branches:
Dungeon (6/15)              Sewer (visited)
 Temple: D:4-7

Altars:
Cheibriados
Gozag
The Shining One

Shops:
D:2 *


Innate Abilities, Weirdness & Mutations

You have a pair of horns on your head.
You reflexively headbutt those who attack you in melee.


Message History

The sky beast hits you but does no damage.
The orc warrior hits you from afar with a +0 trident!
You hit the sky beast.
The sky beast is almost dead.
You block the orc warrior's attack. The sky beast hits you.
The sky beast shocks you.
You closely miss the sky beast.
You headbutt the sky beast, but do no damage.
The sky beast is almost dead.
The orc warrior hits you but does no damage.
The sky beast barely misses you.
You slash the sky beast!
You kill the sky beast!
You block the orc warrior's attack.
The orc warrior hits you from afar with a +0 trident.
The orc hits you with a +0 flail.
Your Armour skill increases to level 6!
You slash the orc!
You kill the orc!
The orc warrior hits you from afar with a +0 trident!
* * * LOW HITPOINT WARNING * * *
The orc warrior hits you with a +0 trident.
* * * LOW HITPOINT WARNING * * *
Items here: ( ))) [ †.
You hit the orc warrior but do no damage.
You block the orc warrior's attack.
You hit the orc warrior.
You headbutt the orc warrior, but do no damage.
The orc warrior is lightly wounded.
You block the orc warrior's attack.
You closely miss the orc warrior.
The orc warrior is lightly wounded.
The orc warrior hits you but does no damage.
You slash the orc warrior! Your headbutt misses the orc warrior.
The orc warrior is moderately wounded.
The orc warrior hits you but does no damage.
You slash the orc warrior!
The orc warrior is severely wounded.
The orc warrior hits you with a +0 trident!
You die...

#........ #.......
#....... ....... #######
#....# #.....# ####
##+#....# #.....# #...
#$......#####.....####...
.......o@..['............
#.$.....#####............
........# #............
......... ##...........
......... #...........
.......... #............
.#+##.........####....###
#......### #....# ..
#....#


You could see an orc warrior.

Vanquished Creatures
  A sky beast (D:6)
  A black bear (D:4)
  An ogre (D:4)
  2 phantoms (D:5)
  2 howler monkeys
  A jelly (D:5)
  3 hounds (D:5)
  A gnoll bouda (D:4)
  An orc priest (D:3)
  An iguana (D:4)
  Natasha (thrice) (D:2)
  3 orc wizards
  8 adders
  7 gnolls
  2 river rats (Sewer)
  2 shadow imps
  2 ufetubi (D:5)
  3 worms
  4 dart slugs
  19 orcs
  7 ball pythons
  3 endoplasms
  5 giant cockroaches (D:3)
  8 goblins
  6 hobgoblins
  5 jackals
  3 quokkas
  4 bats
  6 frilled lizards
  6 kobolds
  6 rats
126 creatures vanquished.

Vanquished Creatures (others)
  7 plants (D:2)
7 creatures vanquished.

Grand Total: 133 creatures vanquished

Notes
Turn   | Place    | Note
-------+----------+-------------------------------------------
     0 | D:1      | bmack86 the Minotaur Fighter began the quest for the Orb.
     0 | D:1      | Reached XP level 1. HP: 19/19 MP: 0/0
    82 | D:1      | Reached XP level 2. HP: 27/27 MP: 1/1
   230 | D:1      | Reached skill level 3 in Axes
   823 | D:2      | Noticed Natasha
   833 | D:2      | Killed Natasha
   834 | D:2      | Reached XP level 3. HP: 25/33 MP: 2/2
   913 | D:2      | Noticed Natasha
   923 | D:2      | Killed Natasha
   924 | D:2      | Reached skill level 1 in Throwing
   924 | D:2      | Reached XP level 4. HP: 30/40 MP: 3/3
   933 | D:2      | Noticed Natasha
   942 | D:2      | Killed Natasha
   943 | D:2      | Reached skill level 4 in Axes
  1048 | D:2      | Found Zoetul's Assorted Antiques.
  1359 | D:2      | Reached XP level 5. HP: 47/47 MP: 4/4
  1644 | D:3      | Found a glowing golden altar of the Shining One.
  1904 | D:3      | Found a glowing drain.
  1915 | Sewer    | Entered a sewer
  2017 | Sewer    | Reached XP level 6. HP: 53/53 MP: 5/5
  2082 | Sewer    | Reached skill level 5 in Axes
  2912 | D:4      | Found a snail-covered altar of Cheibriados.
  3071 | D:4      | Reached skill level 5 in Fighting
  3076 | D:4      | Reached skill level 5 in Shields
  3261 | D:4      | Found an opulent altar of Gozag.
  3296 | D:4      | Reached skill level 5 in Armour
  3296 | D:4      | Reached XP level 7. HP: 53/61 MP: 6/6
  3413 | D:4      | Reached skill level 6 in Axes
  3718 | D:5      | Entered Level 5 of the Dungeon
  4286 | D:5      | Reached skill level 7 in Axes
  4286 | D:5      | Reached XP level 8. HP: 61/70 MP: 7/7
  4574 | D:6      | Slain by an orc warrior

Illustrated notes

Levels and vault maps discovered:
D:1:      heliophobic_arrival_enchanted_forest, layout_basic,
          chequers_serial_rivers_room_a
D:2:      layout_loops_ring, serial_shops, nicolae_shop_overgrown_old_shop,
          uniq_natasha
D:3:      layout_loops_corners, tso_altar, gup_sewer_entry_pipe
D:4:      layout_loops_ring, grunt_gozag_breadcrumbs, cheibriados_altar_1
D:5:      layout_basic
D:6:      minmay_octagon_keep, layout_basic, mainiacjoe_overflow_cross_hatched,
          lemuel_crystal_altar, minmay_temple_entry_nine_rooms,
          minmay_manual_mess

Skill      XL: |  1  2  3  4  5  6  7  8 |
---------------+-------------------------+-----
Axes           | 3 4 5 7 |  7.2
Fighting       | 4 5 |  5.9
Armour         | 4 5 6 |  6.0
Shields        | 4 5 |  5.9
Throwing       | 1 2 3 |  3.4

Action                   |  1- 3 |  4- 6 |  7- 9 || total
-------------------------+-------+-------+-------++-------
Melee: War axe           |    60 |   165 |    85 ||   310
       Headbutt          |     6 |    19 |    12 ||    37
Throw: Boomerang         |       |       |     7 ||     7
  Use: Scroll            |       |    15 |     4 ||    19
       Potion            |       |       |     3 ||     3
Armor: Scale mail        |    31 |    54 |       ||    85
       Plate armour      |       |    25 |    75 ||   100
Dodge: Dodged            |    22 |    70 |    34 ||   126
Block: Buckler           |    16 |    35 |    27 ||    78

Table legend: (Time is in decaauts)
 A = Elapsed time spent in this place.
 B = Non-inter-level travel time spent in this place.
 C = Inter-level travel time spent in this place.
 D = Time resting spent in this place.
 E = Time spent auto-exploring this place.
 F = Levels seen in this place.
 G = Mean time per level.
                   A        B        C        D        E       F      G
               +--------+--------+--------+--------+--------+-----+--------+
         Total |   4743 |   4566 |    177 |    149 |   2812 |   7 |  677.6 |
       Dungeon |   4290 |   4113 |    177 |    149 |   2617 |   6 |  715.0 |
         Sewer |    452 |    452 |      0 |      0 |    194 |   1 |  452.0 |
               +--------+--------+--------+--------+--------+-----+--------+

Top non-repeatable levels by time:
     D:3: 1029 daAuts
     D:4: 887 daAuts
     D:5: 791 daAuts
     D:1: 759 daAuts
     D:2: 744 daAuts
   Sewer: 452 daAuts
     D:6: 77 daAuts
